 Dungeon Crawl Stone Soup version 0.28.0-47-ge53b351184 (webtiles) character file.

Game seed: 3359669757145037558

177 RatsInWalls the Ogre Mage (level 5, -3/53 HPs)
             Began as an Ogre Hedge Wizard on May 9, 2022.
             Slain by Grinder (6 damage)
             ... on level 3 of the Dungeon.
             The game lasted 00:08:22 (4109 turns).

RatsInWalls the Ogre Mage (Ogre Hedge Wizard)       Turns: 4109, Time: 00:08:23

Health: -3/53      AC:  3    Str: 14    XL:     5   Next: 57%
Magic:  0/12       EV:  9    Int: 17    God:
Gold:   76         SH:  0    Dex:  8    Spells: 10/13 levels left

rFire   + . .      SeeInvis .   g - +1 dagger (drain)
rCold   . . .      Faith    .   (no shield)
rNeg    . . .      Spirit   .   b - +0 robe
rPois   .          Reflect  .   c - +0 hat
rElec   .          Harm     .   (no cloak)
rCorr   .          Rampage  .   (gloves unavailable)
Will    .....                   (boots unavailable)
Stlth   +.........              l - amulet of regeneration
HPRegen 0.97/turn               e - ring of protection from fire
MPRegen 0.13/turn               (no ring)

@: no status effects
A: large, unfitting armour, tough skin 1
a: no special abilities


You were on level 3 of the Dungeon.
You visited 1 branch of the dungeon, and saw 3 of its levels.

You collected 76 gold pieces.

Inventory:

Hand Weapons
 g - a +1 dagger of draining (weapon)
Armour
 b - a +0 robe (worn)
 c - a +0 hat (worn)
Jewellery
 e - a ring of protection from fire (left hand)
 l - an amulet of regeneration (around neck)
Wands
 r - a wand of flame (6)
Scrolls
 f - 5 scrolls of identify {unknown}
 h - a scroll of summoning {unknown}
 i - 2 scrolls of teleportation {unknown}
 j - 2 scrolls of noise {unknown}
 m - a scroll of enchant weapon {unknown}
 n - a scroll of silence {unknown}
 o - a scroll of brand weapon {unknown}
 p - a scroll of vulnerability {unknown}
Potions
 a - a potion of might {unknown}
 d - a potion of cancellation
 k - a potion of haste {unknown}
 q - a potion of attraction {unknown}


   Skills:
 + Level 3.6 Fighting
 - Level 1.7 Dodging
 - Level 1.4 Stealth
 + Level 4.9 Spellcasting
 + Level 2.2 Conjurations
 + Level 1.8 Summonings
 - Level 0.8 Translocations


You had 10 spell levels left.
You knew the following spells:

 Your Spells              Type           Power      Damage    Failure   Level
a - Magic Dart            Conj           44%        1d5       6%          1
b - Call Imp              Summ           10%        N/A       11%         2

Your spell library contained the following spells:

 Spells                   Type           Power      Damage    Failure   Level
 Slow                     Hex            16%        N/A       14%         1
 Blink                    Tloc           14%        N/A       16%         2
 Conjure Flame            Conj/Fire      7%         6-21      26%         3
 Mephitic Cloud           Conj/Pois/Air  6%         N/A       32%         3


Dungeon Overview and Level Annotations

Branches:
Dungeon (3/15)

Altars:
The Shining One

Annotations:
D:3 2 runed translucent doors, Grinder


Innate Abilities, Weirdness & Mutations

You are too large for most types of armour.
You have tough skin. (AC +1)


Message History

Grinder closely misses you.
Your shadow imp barely misses Grinder.
You hit Grinder.
Grinder is severely wounded.
Grinder hits you!
You writhe in agony.
Your shadow imp hits Grinder.
You barely miss Grinder.
Grinder is severely wounded.
Grinder hits you.
You writhe in agony.
* * * LOW HITPOINT WARNING * * *
Your shadow imp hits Grinder.
Unknown command.
You hit Grinder but do no damage.
Grinder is severely wounded.
Grinder blinks!
Casting: Magic Dart (safe; 6% risk of failure)
Confirm with . or Enter, or press ? or * to list all spells.
Aiming: Magic Dart (safe; 6% risk of failure)
Press: ? - help, Shift-Dir - straight line, f/p - Grinder
Aim: Grinder (severely wounded, ally target, 100% to hit)
Really fire in your shadow imp's direction?
Okay, then.
Grinder blinks!
Casting: Magic Dart (safe; 6% risk of failure)
Confirm with . or Enter, or press ? or * to list all spells.
Aiming: Magic Dart (safe; 6% risk of failure)
Press: ? - help, Shift-Dir - straight line, f/p - Grinder
Aim: Grinder (severely wounded, ally target, 100% to hit)
The magic dart hits Grinder.
Grinder is severely wounded.
Your shadow imp disappears in a puff of smoke!
Unknown command.
You hit Grinder.
Grinder is almost dead.
Grinder gestures at you. Pain shoots through your body!
* * * LOW HITPOINT WARNING * * *
Unknown command.
It was a potion of cancellation.
You feel magically purged. Grinder hits you.
* * * LOW HITPOINT WARNING * * *
You writhe in agony.
You die...

#................5.......###
#.########......###.###..#..
#...............#........#..
#.########.[........##......
#.########(...#.#.#....#.#.#
#........)...)#.#.#.####.#.#
##########..........####.#.#
.....ยง.5..#..........#.#
#.....@........#......#
#######.####..##.######
..........##..##'######
####.##...##........... #
#...##...........
####'##...##...........
#.........##...........
#.........##.##########
#.......#.##.#


You could see Grinder.

Vanquished Creatures
  An orc priest (D:2)
  An orc wizard (D:2)
  3 gnolls (D:3)
  An adder (D:2)
  A worm (D:2)
  A dart slug (D:1)
  4 orcs
  7 endoplasms
  2 giant cockroaches (D:1)
  14 goblins
  2 hobgoblins (D:1)
  3 quokkas
  4 ball pythons
  4 bats
  4 frilled lizards
  10 kobolds
  23 rats
85 creatures vanquished.

Vanquished Creatures (others)
  4 fungi (D:3)
  4 plants (D:3)
8 creatures vanquished.

Grand Total: 93 creatures vanquished

Notes
Turn   | Place    | Note
-------+----------+-------------------------------------------
     0 | D:1      | RatsInWalls the Ogre Hedge Wizard began the quest for the
                  | Orb.
     0 | D:1      | Reached XP level 1. HP: 16/16 MP: 5/5
   121 | D:1      | Reached skill level 1 in Conjurations
   217 | D:1      | Reached skill level 1 in Fighting
   219 | D:1      | Reached XP level 2. HP: 27/27 MP: 2/6
   455 | D:1      | Reached skill level 4 in Spellcasting
   901 | D:1      | Reached XP level 3. HP: 35/35 MP: 0/8
  1781 | D:2      | Found a glowing golden altar of the Shining One.
  2451 | D:2      | Reached XP level 4. HP: 44/44 MP: 7/10
  2663 | D:3      | Found a runed translucent gate.
  2664 | D:3      | Found a runed translucent gate.
  2801 | D:3      | Reached skill level 1 in Summonings
  3017 | D:3      | Found a faded altar of an unknown god.
  3022 | D:3      | Noticed Grinder
  3479 | D:2      | Reached XP level 5. HP: 22/53 MP: 0/12
  4076 | D:2      | Learned a level 2 spell: Call Imp
  4099 | D:3      | Paralysed by Grinder for 2 turns
  4109 | D:3      | Slain by Grinder

Illustrated notes

Levels and vault maps discovered:
D:1:      dpeg_arrival_three_same_balls, layout_basic, minmay_misc_feat_rugged,
          hangedman_decor_push, minmay_indecisive_spiral
D:2:      layout_loops_cross, basic_altar, minmay_tromino_v7
D:3:      layout_basic, dreamdust_ecumenical_altar_grove,
          ebering_ghost_rock_garden, minmay_rat_hole, uniq_grinder

Skill      XL: |  1  2  3  4 |
---------------+-------------+-----
Conjurations   | 1 2 |  2.2
Fighting       | 1 2 3 |  3.6
Spellcasting   | 4 |  4.9
Summonings     | 1 |  1.8
Dodging        | |  1.7
Stealth        | |  1.4
Translocations | |  0.8

Action                   |  1- 3 |  4- 6 || total
-------------------------+-------+-------++-------
Melee: Dagger            |    32 |    70 ||   102
       Punch             |     1 |       ||     1
 Cast: Magic Dart        |   103 |    86 ||   189
       Call Imp          |       |     2 ||     2
  Use: Potion            |       |     1 ||     1
 Stab: Distracted        |       |     1 ||     1
Armor: Robe              |    14 |    23 ||    37
Dodge: Dodged            |    27 |    54 ||    81
